cohdb
Replays
Latest Replays
All Replays
Popular Replays
Top Player Replays
Match Explorer
How It Works
Community
CoH3 Stats
Reddit
Sign in to upload your games and track your stats! →
Sign in with Steam
Match 31547695
Unlisted
Match 31547695
Overview
Messages
Build Orders
End
Engineer Squad
Construct Barracks
Selects Advanced Infantry Battlegroup
Riflemen Squad
Riflemen Squad
Grenade Package
Infantry Support Center
Riflemen Squad
Construct Medical Station
Riflemen Squad
Selects Convert to Ranger Squad
Selects Frontline Medical Station
Frontline Medical Station
M1918 Browning Automatic Rifles
Construct Motor Pool
M1 Anti-tank Gun Team
M1 Anti-tank Gun Team
Selects Infantry Assault
Construct Tank Depot
Blue Dragon
Emilioboka
Vlambulance-YouTube
bank891
191754466
Stormless
Trollak
mcq_knight
0
0
Comments
sign in to comment!
No comments posted yet!